[Event "Titled Tuesday Blitz November 01 Early 2022"]
[White "Malyi, Viacheslav"]
[Black "Fernandez Siles, Luis"]
[WhiteFideId "14123983"]
[BlackFideId "2209420"]
[WhiteElo "2291"]
[BlackElo "2186"]
[Result "1-0"]
[Round "03"]
[TimeControl "180+1"]
[Date "2022.11.02"]
[WhiteClock "0:00:54"]
[BlackClock "0:00:35"]

1. e4 c5 2. Nf3 Nc6 3. d4 Nxd4 4. Nxd4 cxd4 5. Qxd4 d6 6. Nc3 e6 7. Be3 a6 8. O-O-O Bd7 9. f4 Rc8 10. g4 h5 11. g5 Qa5 12. Kb1 b5 13. h4 b4 14. Ne2 Ba4 15. b3 Bb5 16. Ng3 Ne7 17. Qb6 Qxb6 18. Bxb6 Bxf1 19. Rhxf1 d5 20. f5 dxe4 21. fxe6 fxe6 22. Nxe4 Nd5 23. Bd4 Rc7 24. g6 Rh6 25. Rg1 Be7 26. Bxg7 1-0


[Site "https://www.chess.com"]

[Event "Titled Tuesday Blitz November 01 Early 2022"]
[White "Manon-og, Ramon Jr."]
[Black "Khandelwal, Ankush"]
[WhiteFideId "5200776"]
[BlackFideId "413470"]
[WhiteElo "2269"]
[BlackElo "2271"]
[Result "0-1"]
[Round "03"]
[TimeControl "180+1"]
[Date "2022.11.02"]
[WhiteClock "0:00:18"]
[BlackClock "0:00:26"]

1. e4 c5 2. Nf3 d6 3. Bb5+ Nd7 4. a4 a6 5. Bc4 e6 6. Nc3 Ngf6 7. O-O Be7 8. d4 cxd4 9. Nxd4 O-O 10. Be3 Ne5 11. Bb3 Bd7 12. h3 Nc6 13. Qd2 Rc8 14. Rad1 Na5 15. Ba2 Nc4 16. Qe2 Nxb2 17. Rb1 Rxc3 18. Rxb2 Bc8 19. f3 d5 20. Rd1 dxe4 21. fxe4 Nxe4 22. Rd3 Rxd3 23. cxd3 Nc3 24. Qf3 Nxa2 25. Rxa2 Bc5 26. Qe4 f5 27. Qe5 Bd6 28. Nxe6 Bxe5 29. Nxd8 Rxd8 30. Rc2 Bd7 31. Kf2 Bxa4 32. Rc5 Bd6 33. Rxf5 Rf8 34. Rxf8+ Bxf8 0-1


[Site "https://www.chess.com"]

[Event "Titled Tuesday Blitz November 01 Early 2022"]
[White "Manukyan, Sargis A."]
[Black "Balkum, Alexander"]
[WhiteFideId "13303970"]
[BlackFideId "2005069"]
[WhiteElo "2187"]
[BlackElo "2330"]
[Result "1-0"]
[Round "03"]
[TimeControl "180+1"]
[Date "2022.11.02"]
[WhiteClock "0:01:24"]
[BlackClock "0:00:23"]

1. d4 Nf6 2. c4 g6 3. Nc3 Bg7 4. Nf3 O-O 5. g3 d6 6. Bg2 c6 7. O-O Qa5 8. e4 e5 9. dxe5 dxe5 10. Qc2 Nbd7 11. h3 Re8 12. a3 Nf8 13. b4 Qc7 14. Be3 Ne6 15. Rfd1 Nd7 16. c5 Ndf8 17. Rd2 Bd7 18. Rad1 Rad8 19. Rd6 Bc8 20. Qd2 Bf6 21. Bf1 Qe7 22. Qd3 Nc7 23. Nd2 Nfe6 24. Nc4 Nd4 25. Bxd4 exd4 26. Ne2 Qxe4 27. Rxf6 Qxd3 28. Rxd3 Bf5 29. Rxd4 Nb5 30. Rxd8 Rxd8 31. Nd6 1-0


[Site "https://www.chess.com"]

[Event "Titled Tuesday Blitz November 01 Early 2022"]
[White "Martinez Alcantara, Jose Eduardo"]
[Black "Bordi, Kevin"]
[WhiteFideId "3805662"]
[BlackFideId "621862"]
[WhiteElo "2703"]
[BlackElo "2801"]
[Result "1/2-1/2"]
[Round "03"]
[TimeControl "180+1"]
[Date "2022.11.01"]
[WhiteClock "0:00:17"]
[BlackClock "0:00:26"]

1. c4 c6 2. Nf3 d5 3. g3 Nf6 4. Bg2 Bf5 5. cxd5 cxd5 6. Qb3 Qb6 7. Nc3 e6 8. d3 Nc6 9. Qxb6 axb6 10. Nb5 Bb4+ 11. Bd2 Bxd2+ 12. Kxd2 Kd7 13. Rhc1 Ra5 14. Nbd4 Nxd4 15. Nxd4 Bg6 16. f4 Rc5 17. b4 Rxc1 18. Kxc1 Rc8+ 19. Kb2 Ng4 20. Bh3 Ne3 21. Rc1 Rxc1 22. Kxc1 Bf5 23. Kd2 Bxh3 24. Kxe3 f6 25. Nb5 Kc6 26. Nc3 Kd6 27. Nb5+ Kc6 28. Nc3 Kd6 29. a3 Bg4 30. Na4 Kc6 31. Nc3 Kd6 32. d4 Bf5 33. Kd2 Kc6 34. a4 h6 35. Nd1 Kd6 36. Nf2 Kc6 37. Kc3 Kd6 38. b5 Bb1 39. e3 Bf5 40. h4 h5 41. Kb4 Kc7 42. Nd1 Bc2 43. Nc3 Bd3 44. Ka3 Bc2 45. Kb2 Bd3 46. Kc1 Bf5 47. Na2 Kd6 48. Kb2 Bd3 49. Kc3 Bb1 50. Nc1 Be4 51. Kb4 Kc7 52. Ne2 Bd3 53. Nc3 Bc2 54. a5 bxa5+ 55. Kxa5 Bb3 56. b6+ Kc6 57. Nb5 Bc4 58. Na7+ Kd7 59. Kb4 Bd3 60. Kc5 Be2 61. Kb4 Ba6 62. Kc5 Bd3 63. Kb4 Ba6 64. Kc3 Be2 65. Kd2 Ba6 66. Ke1 Bd3 67. Kd1 Ba6 68. Kd2 Bf1 69. Kc3 Ba6 70. Kb3 Bd3 71. Kb4 Ba6 1/2-1/2


[Site "https://www.chess.com"]

[Event "Titled Tuesday Blitz November 01 Early 2022"]
[White "Martinez Molina, Carlos Alberto"]
[Black "Brueckner, Thomas"]
[WhiteFideId "5122708"]
[BlackFideId "4600452"]
[WhiteElo "2212"]
[BlackElo "2332"]
[Result "0-1"]
[Round "03"]
[TimeControl "180+1"]
[Date "2022.11.02"]
[WhiteClock "0:01:13"]
[BlackClock "0:02:03"]

1. e4 e5 2. Nc3 Nf6 3. f4 d5 4. fxe5 Nxe4 5. Nf3 Bc5 6. d4 Bb4 7. Bd2 c5 8. Bd3 Nxd2 9. Qxd2 cxd4 10. Bb5+ Nc6 11. Qxd4 Qa5 12. O-O-O O-O 13. Bd3 Nxd4 0-1


[Site "https://www.chess.com"]

[Event "Titled Tuesday Blitz November 01 Early 2022"]
[White "Matinian, Nikita"]
[Black "Andreev, Konstantin"]
[WhiteFideId "24129100"]
[BlackFideId "24239305"]
[WhiteElo "2422"]
[BlackElo "2106"]
[Result "1/2-1/2"]
[Round "03"]
[TimeControl "180+1"]
[Date "2022.11.02"]
[WhiteClock "0:00:09"]
[BlackClock "0:00:03"]

1. e4 c5 2. Nc3 Nc6 3. Bb5 e6 4. Bxc6 bxc6 5. f4 Ne7 6. Nf3 g6 7. O-O Bg7 8. e5 d6 9. Ne4 dxe5 10. fxe5 O-O 11. d4 cxd4 12. Bg5 h6 13. Nf6+ Kh8 14. Qe1 Nf5 15. Bh4 Ba6 16. g4 Nxh4 17. Qxh4 d3 18. Rf2 dxc2 19. Rxc2 Qd3 20. Rf2 Rad8 21. Ng5 Qe3 22. Nfe4 Rd4 23. Nd6 Qxg5 24. Nxf7+ Rxf7 25. Qxg5 Rxf2 26. Qxg6 Rdd2 27. Qe4 Rg2+ 28. Qxg2 Rxg2+ 29. Kxg2 Bxe5 30. Re1 Bxb2 31. Rxe6 Bc4 32. Rxh6+ Kg7 33. Rd6 Bxa2 34. h4 Bd5+ 35. Kh3 Be5 36. Rd7+ Kf6 37. Rxa7 c5 38. Ra6+ Kf7 39. g5 c4 40. h5 c3 41. Ra7+ Ke6 42. Ra1 c2 43. Re1 Kf5 44. g6 Bf4 45. h6 c1=Q 46. Rxc1 Bxc1 47. g7 Bxh6 48. Kh4 Bg8 49. Kh5 Bxg7 50. Kh4 Bf7 51. Kg3 Be5+ 52. Kh4 Bd5 53. Kh5 Be6 54. Kh6 Ke4 55. Kg5 Bd5 56. Kg4 Bf4 57. Kh5 Ke5 58. Kg6 Be4+ 59. Kf7 Bg5 60. Kg7 Kf5 61. Kf7 Bd5+ 62. Ke8 Bc6+ 63. Kf7 Bf6 64. Kf8 Ke6 65. Kg8 Bd5 66. Kf8 Bc6 67. Kg8 Bd7 68. Kf8 Kf5 69. Kf7 Be6+ 70. Ke8 Ke5 71. Kf8 Kd6 72. Ke8 Be5 73. Kf8 Bd7 74. Kf7 Bd4 75. Kg6 Ke6 76. Kg5 Ke5 77. Kg6 Be6 78. Kg5 Be3+ 79. Kg6 Bf4 80. Kg7 Kf5 81. Kf8 Bd7 82. Ke7 Ba4 83. Kf7 Bd6 84. Kg7 Ke6 85. Kg6 Bf4 86. Kg7 Bc2 87. Kf8 Kd7 88. Kf7 Be5 89. Kf8 1/2-1/2


[Site "https://www.chess.com"]

[Event "Titled Tuesday Blitz November 01 Early 2022"]
[White "Matveeva, Olga"]
[Black "Maranhao,Jose Renato Ruiz"]
[WhiteFideId "24107018"]
[BlackFideId "2135175"]
[WhiteElo "2055"]
[BlackElo "1970"]
[Result "1-0"]
[Round "03"]
[TimeControl "180+1"]
[Date "2022.11.02"]
[WhiteClock "0:00:57"]
[BlackClock "0:00:01"]

1. d4 b6 2. c4 Bb7 3. Nc3 g6 4. f3 Bg7 5. e4 e6 6. Be3 Ne7 7. Bd3 d5 8. cxd5 exd5 9. e5 Nf5 10. Bxf5 gxf5 11. Qc2 Qh4+ 12. g3 Qh5 13. O-O-O Nd7 14. Nb5 O-O 15. h4 Rfc8 16. Kb1 a6 17. Nc3 b5 18. Qg2 b4 19. Nce2 c5 20. Nf4 Qh6 21. Nxd5 Qe6 22. Nf4 Qc6 23. d5 Qa4 24. e6 Nb6 25. exf7+ Kh8 26. Nge2 b3 27. a3 Nc4 28. Bc1 Rab8 29. Ne6 1-0


[Site "https://www.chess.com"]

[Event "Titled Tuesday Blitz November 01 Early 2022"]
[White "Maximov, Dmitry"]
[Black "Samarth, J Rao"]
[WhiteFideId "14105659"]
[BlackFideId "46652370"]
[WhiteElo "2494"]
[BlackElo "1564"]
[Result "1-0"]
[Round "03"]
[TimeControl "180+1"]
[Date "2022.11.01"]
[WhiteClock "0:00:19"]
[BlackClock "0:00:02"]

1. e4 c5 2. Nf3 d6 3. c3 Nf6 4. Bc4 Nxe4 5. Qa4+ Nd7 6. Bxf7+ Kxf7 7. Qxe4 Nf6 8. Qe2 e6 9. O-O h6 10. d4 cxd4 11. cxd4 Be7 12. Nc3 Re8 13. Re1 Bf8 14. h3 Bd7 15. Bf4 Bc6 16. Rad1 Qa5 17. Bg3 Rac8 18. a3 b5 19. Rd3 b4 20. axb4 Qxb4 21. Re3 Bd7 22. Bh4 Nd5 23. Nxd5 exd5 24. Be7 Bb5 25. Ng5+ hxg5 26. Qf3+ Kg8 27. Qxd5+ Kh8 28. Qxg5 Bxe7 29. Rxe7 Qxe1+ 30. Rxe1 Rxe1+ 31. Kh2 Bd7 32. Qh5+ Kg8 33. Qd5+ Re6 34. Qb7 Rd8 35. Qc7 Ree8 36. Qxa7 Be6 37. b4 Ra8 38. Qc7 d5 39. b5 Rac8 40. Qd6 Bf7 41. b6 Re6 42. Qxd5 Ree8 43. Qb5 Rb8 44. h4 Red8 45. Qc5 Rdc8 46. Qd6 Rd8 47. Qc7 Rdc8 48. Qa7 Ra8 49. b7 1-0


[Site "https://www.chess.com"]

[Event "Titled Tuesday Blitz November 01 Early 2022"]
[White "Melikyan, Gnel"]
[Black "Shaik Sumer Arsh"]
[WhiteFideId "54109990"]
[BlackFideId "45020000"]
[WhiteElo "2138"]
[BlackElo "2190"]
[Result "0-1"]
[Round "03"]
[TimeControl "180+1"]
[Date "2022.11.02"]
[WhiteClock "0:00:40"]
[BlackClock "0:00:38"]

1. d4 Nf6 2. c4 e6 3. Nc3 Bb4 4. f3 d5 5. a3 Bxc3+ 6. bxc3 c5 7. e3 O-O 8. Nh3 b6 9. Nf4 Ba6 10. Qa4 Qc8 11. cxd5 Bxf1 12. Kxf1 exd5 13. Kf2 Nc6 14. dxc5 bxc5 15. Rd1 Rd8 16. Rb1 Ne5 17. Qb5 Qf5 18. Rb2 g5 19. Ne2 a6 20. Qxc5 Ne4+ 0-1


[Site "https://www.chess.com"]

[Event "Titled Tuesday Blitz November 01 Early 2022"]
[White "Mirzoev, Azer"]
[Black "Petrovic, Aleksa"]
[WhiteFideId "13400304"]
[BlackFideId "967629"]
[WhiteElo "2525"]
[BlackElo "2242"]
[Result "1-0"]
[Round "03"]
[TimeControl "180+1"]
[Date "2022.11.02"]
[WhiteClock "0:00:32"]
[BlackClock "0:00:01"]

1. c4 Nf6 2. Nc3 e5 3. g3 Bb4 4. Bg2 Bxc3 5. dxc3 O-O 6. e4 d6 7. Qe2 Nc6 8. Nf3 h6 9. Nd2 Nh7 10. Nf1 f5 11. exf5 Bxf5 12. Ne3 Bg6 13. O-O e4 14. Nd5 Ne5 15. Nf4 Bf7 16. b3 g5 17. Nd5 c6 18. Ne3 Nf3+ 19. Kh1 Qd7 20. Rd1 Bh5 21. Ba3 Rf6 22. Qc2 Re8 23. b4 Qf7 24. b5 Ne5 25. Rd2 Bf3 26. bxc6 Qh5 27. Bxd6 Rxd6 28. Rxd6 Qh3 29. Bxf3 exf3 30. Qf5 Qxf5 31. Nxf5 Nxc4 32. Rg6+ Kf7 33. Rxh6 Nf6 34. cxb7 Ng4 35. Kg1 1-0


[Site "https://www.chess.com"]

[Event "Titled Tuesday Blitz November 01 Early 2022"]
[White "Mitrovic, Darko R"]
[Black "Mekhitarian, Krikor Sevag"]
[WhiteFideId "927023"]
[BlackFideId "2107660"]
[WhiteElo "2150"]
[BlackElo "2614"]
[Result "0-1"]
[Round "03"]
[TimeControl "180+1"]
[Date "2022.11.02"]
[WhiteClock "0:00:24"]
[BlackClock "0:00:16"]

1. d4 Nf6 2. c4 g6 3. Nc3 d5 4. cxd5 Nxd5 5. Bd2 Bg7 6. e4 Nb6 7. Be3 O-O 8. h3 f5 9. Nf3 Nc6 10. Bb5 f4 11. Bxc6 fxe3 12. Bb5 exf2+ 13. Kxf2 Qxd4+ 14. Qxd4 Bxd4+ 15. Ke2 Bg7 16. a4 c6 17. a5 Nd7 18. Bc4+ Kh8 19. Rhd1 Nc5 20. Ng5 h6 21. Nf7+ Kh7 22. Rd8 Rxd8 23. Nxd8 Bxh3 24. Nxb7 Bg4+ 25. Ke3 Nxb7 26. a6 Nd6 27. Bd3 Rb8 28. Na4 Be6 29. Rc1 Bd7 30. Nc5 Be8 31. b3 Bf6 32. Be2 Bg5+ 33. Kd3 Bxc1 34. Kc3 Ba3 35. Na4 Bb4+ 36. Kc2 c5 37. Bd3 Bxa4 38. bxa4 c4 39. Be2 e5 40. Bf3 Bc5 41. Be2 Bd4 42. Bf3 Rb2+ 43. Kc1 c3 44. a5 Be3+ 45. Kd1 Rd2+ 46. Ke1 Nc4 47. Bd1 Nb2 48. Bb3 Nd3+ 49. Kf1 Rf2+ 50. Kg1 Rf4+ 51. Kh2 Rh4+ 52. Kg3 Rf4 53. Bc2 Bf2+ 54. Kh3 Rh4# 0-1


[Site "https://www.chess.com"]

[Event "Titled Tuesday Blitz November 01 Early 2022"]
[White "Muminova, Nafisa"]
[Black "Guerrero Olmos, Sergio"]
[WhiteFideId "14201526"]
[BlackFideId "2257238"]
[WhiteElo "2258"]
[BlackElo "2272"]
[Result "1-0"]
[Round "03"]
[TimeControl "180+1"]
[Date "2022.11.02"]
[WhiteClock "0:00:25"]
[BlackClock "0:01:47"]

1. e4 e6 2. d4 d5 3. e5 c5 4. c3 Nc6 5. Nf3 Qb6 6. a3 f6 7. b4 fxe5 8. Nxe5 cxd4 9. Qh5+ g6 10. Nxg6 Nf6 11. Qh4 hxg6 12. Qxh8 Kf7 13. Bg5 Bg7 14. Qh4 Ne4 15. Bd3 dxc3 16. O-O c2 17. Nd2 Nxg5 18. Qxg5 Ne7 19. Bxc2 Bd7 20. Nf3 Bf6 21. Ne5+ Kg7 22. Qxf6+ Kxf6 23. Nxd7+ Kf7 24. Nxb6 axb6 25. g4 Nc6 26. Bd3 Ne5 27. Be2 Rc8 28. Rac1 Rh8 29. Rc7+ Kf6 30. f4 Nc6 31. Bd3 g5 32. fxg5+ Kxg5 33. Rg7+ Kh4 34. Kg2 Ne5 35. Rh7+ Rxh7 36. Bxh7 Nxg4 37. Rf4 Kg5 38. Rxg4+ Kxg4 39. Bg8 Kf5 40. Kf3 d4 41. h4 e5 42. Bh7+ Ke6 43. Be4 b5 44. Bxb7 1-0


[Site "https://www.chess.com"]

[Event "Titled Tuesday Blitz November 01 Early 2022"]
[White "Myshakov, Fyodor"]
[Black "Skliarov, Viktor"]
[WhiteFideId "14111284"]
[BlackFideId "14106736"]
[WhiteElo "2310"]
[BlackElo "2284"]
[Result "1/2-1/2"]
[Round "03"]
[TimeControl "180+1"]
[Date "2022.11.02"]
[WhiteClock "0:00:07"]
[BlackClock "0:00:06"]

1. c4 e5 2. Nc3 Bb4 3. Nd5 Ba5 4. b4 c6 5. bxa5 cxd5 6. cxd5 Qxa5 7. e4 Nf6 8. Bd3 b6 9. Nf3 Ba6 10. Nxe5 Bxd3 11. Nxd3 Nxe4 12. Qe2 Kd8 13. Qxe4 Re8 14. Ne5 d6 15. Bb2 f6 16. Bc3 Qa6 17. Qxh7 Nd7 18. f4 fxe5 19. f5 Qd3 20. Qxg7 Rc8 21. Qg3 Qe4+ 22. Qe3 Qxf5 23. Rf1 Qh5 24. Rc1 Qxh2 25. Qg5+ Re7 26. Rf7 Nf6 27. Qxf6 Qg1+ 28. Ke2 Qxg2+ 29. Kd1 Qh1+ 30. Kc2 Qe4+ 31. Kb2 Rc7 32. Rf8+ Kd7 33. Rg1 Qxd5 34. Qf5+ Kc6 35. Rc8 Qb5+ 36. Kc2 Kb7 37. Rxc7+ Rxc7 38. Qe4+ d5 39. Qxe5 Qa4+ 40. Kb2 Qb5+ 41. Ka1 Qc4 42. Rg7 Rxg7 43. Qxg7+ Ka6 44. Qd4 Qb5 45. Qb4 Qd3 46. Kb2 Kb7 47. Qd4 Qb5+ 48. Kc2 a5 49. a4 Qc6 50. Qg7+ Ka6 51. Qd4 Kb7 52. Qg4 Ka6 53. Qd4 Kb7 1/2-1/2


[Site "https://www.chess.com"]

[Event "Titled Tuesday Blitz November 01 Early 2022"]
[White "Narayanan, Srinath"]
[Black "Bortnyk, Olexandr"]
[WhiteFideId "5018420"]
[BlackFideId "14120828"]
[WhiteElo "2459"]
[BlackElo "2723"]
[Result "1-0"]
[Round "03"]
[TimeControl "180+1"]
[Date "2022.11.01"]
[WhiteClock "0:00:08"]
[BlackClock "0:00:26"]

1. Nf3 d6 2. d4 Nf6 3. c4 g6 4. g3 Bg7 5. Bg2 O-O 6. O-O Bf5 7. Qb3 Qc8 8. Nc3 Nc6 9. d5 Na5 10. Qa4 b6 11. Nd2 Bh3 12. Qc2 c5 13. b3 Bxg2 14. Kxg2 e6 15. Bb2 Re8 16. Nce4 Qd8 17. Nxf6+ Bxf6 18. Ne4 Bxb2 19. Qxb2 e5 20. f4 f5 21. Ng5 e4 22. h4 h5 23. g4 hxg4 24. h5 Rf8 25. hxg6 Qf6 26. Qd2 e3 27. Qd3 Qxg6 28. Rh1 Rae8 29. Rh4 Re4 30. Rah1 Rfe8 31. Rh8+ Kg7 32. R1h7+ Kf6 33. Nxe4+ fxe4 34. Qc3+ Kf5 35. Rh5+ Kxf4 36. Rxe8 Qxh5 37. Qf6+ Qf5 38. Qxd6+ Kg5 39. Re5 Nb7 40. Rxf5+ Kxf5 41. Qd7+ Ke5 42. Qxb7 Kd4 43. Qxa7 Kc3 44. Qxb6 Kd2 45. Kf1 g3 46. Qg6 g2+ 47. Qxg2 1-0


[Site "https://www.chess.com"]

[Event "Titled Tuesday Blitz November 01 Early 2022"]
[White "Navara, David"]
[Black "De Souza, Cristiano Gomes"]
[WhiteFideId "309095"]
[BlackFideId "2151758"]
[WhiteElo "2676"]
[BlackElo "2068"]
[Result "1-0"]
[Round "03"]
[TimeControl "180+1"]
[Date "2022.11.02"]
[WhiteClock "0:01:37"]
[BlackClock "0:01:57"]

1. c4 e5 2. Nc3 Nc6 3. g3 g6 4. Bg2 Bg7 5. d3 d6 6. Rb1 a5 7. e3 Nf6 8. Nge2 O-O 9. O-O Bd7 10. b3 Qc8 11. Nd5 Nxd5 12. cxd5 Ne7 13. e4 Bh3 14. f3 Bxg2 15. Kxg2 c6 16. dxc6 bxc6 17. Bg5 Qe6 18. d4 d5 19. Bxe7 Qxe7 20. exd5 cxd5 21. dxe5 Qxe5 22. Nf4 Rfd8 23. Re1 Qc3 24. Nxd5 Qc5 25. Rc1 Qxd5 26. Re8+ Bf8 27. Qxd5 Rxd5 28. Rxa8 Rd2+ 29. Kh3 Kg7 30. Rxa5 1-0


[Site "https://www.chess.com"]

[Event "Titled Tuesday Blitz November 01 Early 2022"]
[White "Nurmanova, Alua"]
[Black "Kovalenko, Igor"]
[WhiteFideId "13729390"]
[BlackFideId "14117908"]
[WhiteElo "2088"]
[BlackElo "2574"]
[Result "0-1"]
[Round "03"]
[TimeControl "180+1"]
[Date "2022.11.02"]
[WhiteClock "0:00:04"]
[BlackClock "0:00:49"]

1. e4 c5 2. Nf3 e6 3. d4 cxd4 4. Nxd4 a6 5. c4 Nf6 6. Nc3 Qc7 7. Be2 b6 8. O-O Bb7 9. f3 d6 10. Be3 Nbd7 11. Rc1 Rc8 12. b3 Be7 13. Bd3 O-O 14. Kh1 Qb8 15. f4 Nc5 16. Qc2 b5 17. Nf3 b4 18. Bxc5 Rxc5 19. Na4 Rh5 20. h3 Nd7 21. Rce1 g6 22. Qf2 Bc6 23. Nb2 Bf6 24. g4 Rxh3+ 25. Kg2 Rxf3 26. Kxf3 Nc5 27. Bb1 Bc3 28. Re2 f5 29. gxf5 exf5 30. Kg3 fxe4 31. Qe3 Qd8 32. Rh1 Qf6 33. Nd1 Bd4 34. Qc1 Rf7 35. Rf1 Qf5 36. Ne3 Bxe3 37. Rxe3 Bd7 38. Kg2 Ne6 39. Rg3 Nxf4+ 40. Kh2 Qh5+ 0-1


[Site "https://www.chess.com"]

[Event "Titled Tuesday Blitz November 01 Early 2022"]
[White "Odegov, Artem"]
[Black "Martinez, Shawn"]
[WhiteFideId "34183644"]
[BlackFideId "2039770"]
[WhiteElo "2298"]
[BlackElo "2174"]
[Result "0-1"]
[Round "03"]
[TimeControl "180+1"]
[Date "2022.11.02"]
[WhiteClock "0:00:01"]
[BlackClock "0:00:16"]

1. d4 Nf6 2. c4 g6 3. Nc3 Bg7 4. e4 d6 5. h3 O-O 6. Be3 b6 7. Bd3 Bb7 8. Nge2 a6 9. a4 Nc6 10. g4 Nb4 11. Bb1 e6 12. f3 Nd7 13. h4 c5 14. h5 Rc8 15. b3 cxd4 16. Nxd4 Nc5 17. Ra3 d5 18. e5 Bxe5 19. hxg6 fxg6 20. Qd2 dxc4 21. bxc4 Qf6 22. Bg5 Qf7 23. Nce2 Bg7 24. Bh6 e5 25. Bxg7 Qxg7 26. Nf5 gxf5 27. Bxf5 Rcd8 28. Qxb4 Rxf5 29. gxf5 Nd3+ 30. Kf1 Nxb4 31. Ra1 Kf8 32. Rg1 Qh6 33. Re1 Qh3+ 34. Rg2 Qxf3+ 35. Kg1 Qxg2# 0-1


[Site "https://www.chess.com"]

[Event "Titled Tuesday Blitz November 01 Early 2022"]
[White "Oglaza, Oskar"]
[Black "Alhadad, Mahmoud"]
[WhiteFideId "1194402"]
[BlackFideId "11501863"]
[WhiteElo "2204"]
[BlackElo "1955"]
[Result "1-0"]
[Round "03"]
[TimeControl "180+1"]
[Date "2022.11.02"]
[WhiteClock "0:01:04"]
[BlackClock "0:00:41"]

1. e4 d5 2. exd5 Nf6 3. Nc3 Nxd5 4. Nxd5 Qxd5 5. Nf3 Bg4 6. Be2 Nc6 7. O-O O-O-O 8. h3 Bh5 9. c4 Qd7 10. b4 Nxb4 11. Qb3 Nc6 12. Rb1 b6 13. d4 Bxf3 14. Qxf3 e6 15. Be3 Kb8 16. Rfd1 Nb4 17. Rd2 f6 18. Rdb2 Na6 19. c5 Qd5 20. Qxd5 Rxd5 21. Bxa6 1-0


[Site "https://www.chess.com"]

[Event "Titled Tuesday Blitz November 01 Early 2022"]
[White "Ohanyan, Emin"]
[Black "Ovchinnikov, Vsevolod"]
[WhiteFideId "13312022"]
[BlackFideId "24176842"]
[WhiteElo "2302"]
[BlackElo "2376"]
[Result "0-1"]
[Round "03"]
[TimeControl "180+1"]
[Date "2022.11.02"]
[WhiteClock "0:00:46"]
[BlackClock "0:00:16"]

1. e4 g6 2. d4 Bg7 3. Nc3 a6 4. f4 b5 5. Nf3 d6 6. Bd3 Nd7 7. e5 Nh6 8. O-O Nb6 9. Ne4 O-O 10. c3 f6 11. exf6 exf6 12. Nf2 Re8 13. Bd2 Bf5 14. Qc2 Qd7 15. Rae1 Rxe1 16. Rxe1 Re8 17. h3 Rxe1+ 18. Bxe1 Bxd3 19. Qxd3 Qe6 20. Qe4 Qxe4 21. Nxe4 Nf7 22. Kf1 f5 23. Nf2 Nd8 24. Ke2 Ne6 25. Bd2 Nd5 26. g3 Kf7 27. b3 Nb6 28. Kd3 c5 29. Nd1 c4+ 30. Kc2 h6 31. Ne3 Nc7 32. Bc1 Ncd5 33. Nd1 Bf6 34. Bd2 Ke6 35. Be1 Bd8 36. Bf2 Nf6 37. Ne3 Nbd5 38. Nd1 Ne4 39. Be1 Be7 40. a4 Bd8 41. Nd2 Nxd2 42. Bxd2 Nb6 43. Nb2 Kd5 44. a5 Nd7 45. bxc4+ bxc4 46. Nd1 Ke4 47. d5 Kxd5 48. Ne3+ Kc5 49. Bc1 d5 50. Ba3+ Kc6 51. g4 fxg4 52. hxg4 Nf6 53. Bf8 h5 54. g5 Ne4 55. f5 Bxg5 56. fxg6 Bxe3 57. Be7 Bh6 58. Kd1 Bg7 59. Ke2 Nxc3+ 60. Kf3 Ne4 61. Kf4 c3 62. Kf5 c2 63. Bg5 Nxg5 64. Kf4 c1=Q+ 65. Kf5 Qc5 66. Kf4 Qxa5 67. Kf5 Qc5 68. Kf4 Qd6+ 69. Kf5 Qf6# 0-1


[Site "https://www.chess.com"]

[Event "Titled Tuesday Blitz November 01 Early 2022"]
[White "Olsen, Filip Boe"]
[Black "Aaditya Dhingra"]
[WhiteFideId "1440640"]
[BlackFideId "25678191"]
[WhiteElo "2333"]
[BlackElo "2054"]
[Result "1-0"]
[Round "03"]
[TimeControl "180+1"]
[Date "2022.11.02"]
[WhiteClock "0:00:21"]
[BlackClock "0:00:01"]

1. d4 d5 2. Nf3 b5 3. g3 Nf6 4. Bg2 Bb7 5. O-O Nbd7 6. a4 a6 7. axb5 axb5 8. Rxa8 Qxa8 9. Nbd2 e6 10. Nb3 c5 11. dxc5 Nxc5 12. Nbd4 b4 13. Ne5 Bd6 14. Bf4 Nh5 15. Nb5 Bb8 16. Qd2 Nxf4 17. gxf4 Qa5 18. Nd4 O-O 19. Nec6 Qb6 20. Nxb8 Rxb8 21. Ra1 f6 22. f5 e5 23. Nb3 Nxb3 24. Bxd5+ Kh8 25. Bxb3 Rd8 26. Qe3 Qa5 27. Rf1 e4 28. Be6 Qe5 29. b3 g6 30. Qg3 gxf5 31. Qxe5 fxe5 32. Bxf5 Rg8+ 33. Kh1 e3+ 34. f3 Rf8 35. Bg4 e4 36. Kg2 exf3+ 37. Bxf3 Rg8+ 38. Kh1 Bc8 39. Rd1 Bf5 40. Rd4 Bxc2 41. Rxb4 Rd8 42. Rb7 Rd2 43. Kg2 Bd3 44. Re7 Bc2 45. Rxe3 Rd1 46. Kg3 Rb1 47. Bd5 Rg1+ 48. Kf2 1-0


[Site "https://www.chess.com"]

[Event "Titled Tuesday Blitz November 01 Early 2022"]
[White "Orlov, Georgi"]
[Black "Fernandez Hernandez, Gerardo"]
[WhiteFideId "2011271"]
[BlackFideId "2207400"]
[WhiteElo "2568"]
[BlackElo "2254"]
[Result "1-0"]
[Round "03"]
[TimeControl "180+1"]
[Date "2022.11.02"]
[WhiteClock "0:00:19"]
[BlackClock "0:00:05"]

1. e4 e6 2. d4 d5 3. Nc3 Nc6 4. Bb5 dxe4 5. Be3 Nf6 6. Qd2 Bd7 7. Nge2 a6 8. Ba4 b5 9. Bb3 Na5 10. Nxe4 Nxb3 11. Nxf6+ Qxf6 12. axb3 Bc6 13. f3 Bd6 14. Bg5 Qg6 15. O-O Qh5 16. Bf4 O-O 17. c4 Rfd8 18. Qe3 Qf5 19. Rfc1 bxc4 20. bxc4 Bb7 21. Bg3 Bxg3 22. Nxg3 Qf6 23. Rd1 Rd7 24. Rd2 Rad8 25. Rad1 Qe7 26. Nh5 g6 27. Nf4 Kg7 28. g3 Qf6 29. h4 h5 30. b3 Qf5 31. Kf2 Qf6 32. Rd3 Qf5 33. Qe5+ Qxe5 34. dxe5 Rxd3 35. Rxd3 Rxd3 36. Nxd3 Kf8 37. Ke3 Ke7 38. Nc5 Bc8 39. Kf4 a5 40. Kg5 Ke8 41. g4 Kf8 42. gxh5 gxh5 43. Kxh5 Kg7 44. Kg5 Kh7 45. h5 Kg7 46. h6+ Kh7 47. Kf6 Kxh6 48. Kxf7 Kg5 49. Ke7 Kf4 50. Kd8 Kxe5 51. Kxc8 Kd6 52. Nd3 e5 53. Kb7 Ke6 54. Kxc7 Kf5 55. Kb6 e4 56. fxe4+ Kxe4 57. Nc5+ Kd4 58. Na4 Ke5 59. Kxa5 Kd6 60. Kb6 Kd7 61. Kb7 Kd6 62. c5+ Kd7 63. c6+ Kd6 64. c7 Kd5 65. c8=Q 1-0


[Site "https://www.chess.com"]

[Event "Titled Tuesday Blitz November 01 Early 2022"]
[White "Orzech, Dominik"]
[Black "Lauridsen, Jesper Morch"]
[WhiteFideId "1115065"]
[BlackFideId "1401890"]
[WhiteElo "2272"]
[BlackElo "2234"]
[Result "0-1"]
[Round "03"]
[TimeControl "180+1"]
[Date "2022.11.02"]
[WhiteClock "0:01:44"]
[BlackClock "0:01:43"]

1. d4 d5 2. Nf3 e6 3. c4 c5 4. Nc3 cxd4 5. Nxd4 e5 6. Ndb5 d4 7. Nd5 Na6 8. Qa4 Bd7 9. Qxa6 Bb4+ 10. Kd1 bxa6 11. Nbc7+ Kf8 12. Nxa8 Bd6 13. c5 Qxa8 14. cxd6 Qxd5 15. Bd2 Nf6 16. a3 Ne4 17. Be1 Ba4+ 18. Kc1 Qc6+ 19. Kb1 Qc2+ 20. Ka2 Bb3# 0-1


[Site "https://www.chess.com"]

[Event "Titled Tuesday Blitz November 01 Early 2022"]
[White "Osmonbekov, Talaibek"]
[Black "Parligras, Mircea-Emilian"]
[WhiteFideId "2017253"]
[BlackFideId "1204297"]
[WhiteElo "2135"]
[BlackElo "2507"]
[Result "0-1"]
[Round "03"]
[TimeControl "180+1"]
[Date "2022.11.02"]
[WhiteClock "0:00:02"]
[BlackClock "0:00:05"]

1. d4 Nf6 2. Bf4 d5 3. Nc3 c5 4. e3 cxd4 5. exd4 a6 6. Nf3 Nc6 7. Ne5 Bd7 8. Be2 e6 9. O-O Qb6 10. Nxc6 Bxc6 11. Rb1 Be7 12. Re1 O-O 13. Bd3 g6 14. Ne2 Bb5 15. c3 Bxd3 16. Qxd3 Qc6 17. Be5 Nd7 18. Qh3 Nxe5 19. dxe5 Rfc8 20. Nd4 Qe8 21. Rbd1 b5 22. Rd3 b4 23. Nxe6 fxe6 24. Qxe6+ Qf7 25. Qh3 bxc3 26. bxc3 Rc4 27. e6 Qf5 28. Qxf5 gxf5 29. Rxd5 Rf8 30. Rd7 Re8 31. Rd5 f4 32. Rf5 Kg7 33. Rf7+ Kg6 34. h4 Bxh4 35. Ra7 Rc6 36. e7 Bf6 0-1


[Site "https://www.chess.com"]